 Dungeon Crawl Stone Soup version 0.28.0-1-gb440e238dd (webtiles) character file.

Game seed: 10996426136232042675

16007 zeram the Basher (level 12, -1/105 HPs)
             Began as a Hill Orc Fighter on Feb 23, 2022.
             Was a Follower of Yredelemnul.
             Slain by a wyvern (22 damage)
             ... on level 4 of the Lair of Beasts.
             The game lasted 00:26:29 (17512 turns).

zeram the Basher (Hill Orc Fighter)                Turns: 17512, Time: 00:26:30

Health: -1/105     AC: 20    Str: 24    XL:     12   Next: 33%
Magic:  12/12      EV:  2    Int:  8    God:    Yredelemnul [*.....]
Gold:   583        SH:  0    Dex: 16    Spells: 11/11 levels left

rFire   . . .      SeeInvis .   w - +7 flail
rCold   . . .      Faith    .   x - +0 kite shield
rNeg    . . .      Spirit   .   e - +0 plate armour
rPois   +          Reflect  .   n - +0 helmet
rElec   .          Harm     .   h - +0 cloak
rCorr   .          Rampage  .   g - +1 pair of gloves
Will    .....                   (no boots)
Stlth   ..........              (no amulet)
HPRegen 0.27/turn               y - ring of poison resistance
MPRegen 0.13/turn               C - +6 ring of dexterity

@: sleeping
A: no striking features
a: Renounce Religion, Recall Undead Harvest


You were on level 4 of the Lair of Beasts.
You worshipped Yredelemnul.
Yredelemnul was noncommittal.
You visited 3 branches of the dungeon, and saw 14 of its levels.
You also visited: Sewer.

You collected 583 gold pieces.

Inventory:

Hand Weapons
 a - a +0 war axe
 k - a +4 morningstar
 w - a +7 flail (weapon)
Missiles
 D - 33 poisoned darts (quivered)
 K - a throwing net
Armour
 b - a +0 scale mail
 c - a +1 buckler
 e - a +0 plate armour (worn)
 g - a +1 pair of gloves (worn)
 h - a +0 cloak (worn)
 n - a +0 helmet (worn)
 o - a +0 pair of gloves
 x - a +0 kite shield (worn)
Jewellery
 j - a ring of magical power
 q - a ring of flight
 y - a ring of poison resistance (left hand)
 C - a +6 ring of dexterity (right hand)
Wands
 u - a wand of mindburst (12)
 z - a wand of iceblast (11)
 F - a wand of polymorph (8)
 H - a wand of digging (4)
 J - a wand of flame (8)
Scrolls
 i - a scroll of blinking
 m - a scroll of immolation
 p - 6 scrolls of teleportation
 r - 4 scrolls of amnesia
 A - 2 scrolls of fog
 B - 2 scrolls of magic mapping
 E - 6 scrolls of identify
 G - 2 scrolls of fear
Potions
 d - 2 potions of resistance
 f - a potion of lignification
 l - a potion of brilliance
 s - 2 potions of attraction
 t - 2 potions of flight
 v - a potion of degeneration
 I - 3 potions of curing


   Skills:
 + Level 9.5 Fighting
 + Level 7.2(11.7) Axes
 + Level 12.1(12.7) Maces & Flails
 + Level 11.1 Armour
 + Level 3.4 Dodging
 + Level 10.2 Shields
 - Level 0.1 Evocations


You had 11 spell levels left.
You didn't know any spells.
Your spell library contained the following spells:

 Spells                   Type           Power      Damage    Failure   Level
 Sandblast                Erth           0%         2d4       100%        1
 Sting                    Tmut/Pois      0%         1d3       100%        1
 Passwall                 Tmut/Erth      0%         N/A       100%        2
 Poisonous Vapours        Pois/Air       0%         N/A       100%        2
 Static Discharge         Conj/Air       0%         N/A       100%        2
 Gell's Gravitas          Tloc           0%         N/A       100%        3
 Lesser Beckoning         Tloc           0%         N/A       100%        3
 Mephitic Cloud           Conj/Pois/Air  0%         N/A       100%        3
 Stone Arrow              Conj/Erth      0%         3d7       100%        3
 Teleport Other           Tloc           0%         N/A       100%        3
 Lightning Bolt           Conj/Air       0%         1d11      100%        5
 Simulacrum               Ice/Necr       0%         N/A       100%        6
 Maxwell's Capacitive Co  Air            0%         ∞         100%        8


Dungeon Overview and Level Annotations

Branches:
Dungeon (9/15)             Temple (1/1) D:7            Lair (4/6) D:9
  Snake (0/4) Lair:3        Sewer (visited)
  Swamp: Lair:2-4    Shoals: Lair:2-4       Orc: D:9-12

Altars:
Ashenzari
Cheibriados
Dithmenos
Elyvilon
Fedhas
Gozag
Hepliaklqana
Kikubaaqudgha
Makhleb
Nemelex Xobeh
Okawaru
Qazlal
Ru
Sif Muna
Trog
Uskayaw
Vehumet
Wu Jian
Xom
Yredelemnul
Zin
The Shining One

Shops:
D:4 *   D:5 (   D:8 :

Annotations:
Lair:2 3 runed translucent doors, SuperSeabass's ghost, adept MfGl


Message History

You barely miss the swamp worm. You block the swamp worm's attack. x2
You closely miss the swamp worm. You block the swamp worm's attack.
You sock the swamp worm!
The swamp worm is moderately wounded.
The swamp worm bites you!
You sock the swamp worm!
The swamp worm is severely wounded.
The swamp worm bites you!
* * * LOW HITPOINT WARNING * * *
You thump the swamp worm!
You kill the swamp worm!
A black mist starts to gather...
As you read the scroll of teleportation, it crumbles to dust.
You feel strangely unstable.
The five-headed hydra bites you but does no damage.
The five-headed hydra closely misses you.
The five-headed hydra bites you!
* * * LOW HITPOINT WARNING * * *
The five-headed hydra bites you but does no damage. x2
Something bites your swamp worm zombie.
The swamp worm fires a harpoon shot at you.
The harpoon shot hits you but does no damage.
Your surroundings suddenly seem different.
An elephant comes into view.
Found a scroll labelled VELAULA ZOKH.
Found a stone staircase leading down.
A wyvern, a yak, 2 elephants and a dream sheep come into view.
The wyvern hisses angrily.
The yak bellows!
The elephant trumpets! x2
You hear a trumpeting!
You hear a bellow!
You hear an angry hiss.
A yak comes into view. x2; A dream sheep comes into view.
A yak comes into view. 2 yaks and a dream sheep come into view.
Found 24 gold pieces and a cloak.
The yak bellows! x3; The dream sheep bleats! x2
The dream sheep shake their wool and sparkle.
You feel drowsy...
You fall asleep.
A dream sheep comes into view.
A yak comes into view.
The yak bellows!
An elephant comes into view.
The wyvern bites you!!
You die...
Your body rises from the dead as a mindless zombie.

#..$.....[#.
#......Y....
....YYYYP..
##.......Y..
#....YYY.Y..
##.....?.YP..
#....l..>....
#.^.@.......
#...........
##..Y....##.
#...Y...#
.....Y...#
#..#.#..###
#...##...#
#... Y.##
#... .#


You could see 4 elephants, 7 yaks, a wyvern and 4 dream sheep.

Vanquished Creatures
  A boulder beetle (Lair:2)
  4 elephants
  3 centaur zombies
  A black mamba (Lair:1)
  3 cane toads
  3 komodo dragons
  Grinder (D:3)
  5 blink frogs
  2 shadows (D:9)
  A wyvern (Lair:1)
  2 basilisks (Lair:2)
  5 yaks
  2 nagas (Lair:3)
  2 acid dragons (D:8)
  A swamp worm (Lair:4)
  8 water moccasins
  A sky beast (D:6)
  3 orc warriors
  An ice beast (D:6)
  A black bear (D:6)
  A necrophage (D:5)
  7 wolves (Lair:3)
  4 centaurs
  3 kobold brigands
  5 bullfrogs
  A scorpion (D:5)
  A wyvern zombie (D:8)
  23 wights
  A howler monkey (D:9)
  An electric eel (D:6)
  4 crimson imps (D:8)
  A bullfrog zombie (D:6)
  2 hounds
  7 orc priests
  6 jellies
  2 bullfrog skeletons
  4 iguanas
  5 orc wizards
  A hound zombie (D:3)
  A hound skeleton (D:5)
  Robin (D:3)
  A mummy (D:5)
  A howler monkey zombie (D:9)
  3 gnolls (D:2)
  8 adders
  3 river rats (Sewer)
  A shadow imp (D:8)
  5 ufetubi
  4 worms
  5 dart slugs
  17 orcs
  8 ball pythons
  6 bats
  3 endoplasms
  7 giant cockroaches
  9 goblins
  7 hobgoblins
  7 jackals
  18 kobolds
  5 quokkas
  4 frilled lizards
  A hobgoblin zombie (D:5)
  2 kobold zombies (D:5)
  An orc zombie (D:5)
  12 rats
269 creatures vanquished.

Vanquished Creatures (collateral kills)
  A black mamba (Lair:2)
  4 elephants
  A cane toad (Lair:3)
  A komodo dragon (Lair:1)
  3 blink frogs (Lair:1)
  3 yaks (Lair:1)
  A water moccasin (Lair:2)
  A wolf (Lair:3)
  A bullfrog (Lair:1)
16 creatures vanquished.

Vanquished Creatures (others)
  A komodo dragon zombie (Lair:1)
  3 wolf zombies (Lair:3)
  A bullfrog zombie (Lair:3)
  A naga zombie (Lair:3)
  13 fungi
  13 plants
32 creatures vanquished.

Grand Total: 317 creatures vanquished

Notes
Turn   | Place    | Note
-------+----------+-------------------------------------------
     0 | D:1      | zeram the Hill Orc Fighter began the quest for the Orb.
     0 | D:1      | Reached XP level 1. HP: 19/19 MP: 1/1
   146 | D:1      | Reached XP level 2. HP: 27/27 MP: 2/2
   736 | D:1      | Reached XP level 3. HP: 33/33 MP: 3/3
   788 | D:1      | Found a faded altar of an unknown god.
  1328 | D:2      | Reached XP level 4. HP: 14/40 MP: 4/4
  1344 | D:2      | HP: 2/40 [gnoll (3)]
  2374 | D:3      | Reached skill level 5 in Axes
  2374 | D:3      | Reached XP level 5. HP: 29/46 MP: 5/5
  2485 | D:3      | Noticed Grinder
  2498 | D:3      | Found an ancient bone altar of Kikubaaqudgha.
  2501 | D:3      | Killed Grinder
  2502 | D:3      | Reached XP level 6. HP: 14/53 MP: 6/6
  3134 | D:3      | Noticed Robin
  3146 | D:3      | Reached skill level 1 in Dodging
  3152 | D:3      | Killed Robin
  3376 | D:3      | Reached XP level 7. HP: 43/60 MP: 7/7
  3888 | D:4      | Reached skill level 5 in Armour
  3890 | D:4      | Reached skill level 5 in Fighting
  3941 | D:4      | Found a sacrificial altar of Ru.
  4295 | D:4      | Found a hazy altar of Hepliaklqana.
  4295 | D:4      | Found a faded altar of an unknown god.
  4308 | D:4      | Reached skill level 1 in Maces & Flails
  4600 | D:4      | Found Maosyskom's Assorted Antiques.
  4610 | D:4      | Reached skill level 2 in Maces & Flails
  4921 | D:5      | Entered Level 5 of the Dungeon
  4948 | D:5      | Found a glowing drain.
  4991 | Sewer    | Entered a sewer
  5227 | Sewer    | Reached skill level 3 in Maces & Flails
  5227 | Sewer    | Reached XP level 8. HP: 29/68 MP: 8/8
  5427 | Sewer    | Found a white marble altar of Elyvilon.
  5749 | D:5      | Reached skill level 4 in Maces & Flails
  5858 | D:5      | Found Womn's Antique Weapon Emporium.
  6303 | D:5      | Reached skill level 5 in Maces & Flails
  6430 | D:5      | Reached skill level 5 in Shields
  6852 | D:6      | Got Zemetou's Handbook of Dust
  6895 | D:6      | Found a snail-covered altar of Cheibriados.
  6959 | D:6      | Reached skill level 6 in Maces & Flails
  6959 | D:6      | Reached XP level 9. HP: 27/75 MP: 9/9
  7404 | D:6      | Found a glowing silver altar of Zin.
  7419 | D:6      | Found a radiant altar of Vehumet.
  7789 | D:7      | Found a burning altar of Makhleb.
  7899 | D:7      | Reached skill level 7 in Maces & Flails
  8078 | D:7      | Found an iron altar of Okawaru.
  8187 | D:7      | Found a sparkling altar of Nemelex Xobeh.
  9033 | D:7      | Found a staircase to the Ecumenical Temple.
  9212 | D:8      | Reached skill level 8 in Maces & Flails
  9294 | D:8      | Reached XP level 10. HP: 78/86 MP: 10/10
  9700 | D:8      | Found a white marble altar of Elyvilon.
 10208 | D:8      | Found Dercheh's Book Shoppe.
 10272 | D:8      | Found a broken altar of Ashenzari.
 10343 | D:8      | Reached skill level 9 in Maces & Flails
 10522 | D:8      | Found a shimmering altar of Xom.
 10583 | Temple   | Entered the Ecumenical Temple
 10822 | Temple   | Became a worshipper of Yredelemnul the Dark
 11100 | D:8      | Reached * piety under Yredelemnul
 11320 | D:9      | Found a shadowy altar of Dithmenos.
 11767 | D:9      | Found a staircase to the Lair.
 12332 | Lair:1   | Entered Level 1 of the Lair of Beasts
 12682 | Lair:1   | Reached skill level 10 in Maces & Flails
 12689 | Lair:1   | Reached ** piety under Yredelemnul
 12689 | Lair:1   | Reached XP level 11. HP: 77/94 MP: 11/11
 13084 | Lair:1   | Reached *** piety under Yredelemnul
 14132 | Lair:2   | Found a runed translucent gate.
 14133 | Lair:2   | Found a runed translucent gate.
 14134 | Lair:2   | Found a runed translucent gate.
 14174 | Lair:2   | Reached skill level 11 in Maces & Flails
 14212 | Lair:2   | Noticed a boulder beetle
 14616 | Lair:1   | Reached skill level 10 in Armour
 14998 | Lair:2   | Killed a boulder beetle
 15383 | Lair:2   | Noticed a minotaur
 15389 | Lair:2   | Noticed SuperSeabass's ghost (adept MfGl)
 16247 | Lair:3   | Reached XP level 12. HP: 104/104 MP: 12/12
 16315 | Lair:3   | Found a staircase to the Snake Pit.
 16549 | Lair:3   | Reached skill level 12 in Maces & Flails
 16549 | Lair:3   | Reached skill level 10 in Shields
 17488 | Lair:4   | Noticed a five-headed hydra
 17512 | Lair:4   | Slain by a wyvern

Illustrated notes

Levels and vault maps discovered:
D:1:      onia_arrival_handbag, layout_loops_corners,
          dreamdust_ecumenical_altar_angels_and_demons, nrook_uturn
D:2:      layout_basic
D:3:      layout_loops_corners, nicolae_overflow_crystal_walls, uniq_robin,
          uniq_grinder
D:4:      layout_basic, mainiacjoe_overflow_chevrons,
          beargit_hepliaklqana_dungeon_heroes, nicolae_stop_n_shop_2,
          minmay_box_of_dots
D:5:      layout_loops_cross, serial_shops, nicolae_shop_hallway_stairs,
          gup_sewer_entry_glass, minmay_mini_ossuary
D:6:      cheibrodos_helix_gallery, layout_basic, cheibriados_altar_1,
          fiery_altar_vehumet, zin_treasury
D:7:      layout_basic, okawaru_trees_1, mainiacjoe_overflow_brackets,
          lemuel_tele_altar, temple_hall, serial_rivers,
          chequers_serial_rivers_large_b, chequers_serial_rivers_micro_a,
          chequers_serial_rivers_micro_a, chequers_serial_rivers_room_b,
          chequers_hall_statues_wall_a
D:8:      layout_cave_pools, led_xom_imps, elyvilon_altar_5,
          mainiacjoe_overflow_alcove_2, serial_shops, shop, minmay_between
D:9:      layout_loops_corners, nicolae_dithmenos_through_a_glass_darkly,
          lair_entry_dummy, serial_bayou_pond_a
Temple:   jpeg_temple_island
Lair:1:   layout_long_grid, lemuel_fruit_tree, grunt_megastairs_5
Lair:2:   layout_chaotic_city, maelrawn_ghost_gauntlet_escape,
          infiniplex_staircase_pool_2
Lair:3:   layout_chaotic_city, guppyfry_snake_entry_garden,
          chequers_serial_rivers_micro_a
Lair:4:   layout_cave_shapes, palyth_hydra_swamp_entry, serial_bayou_shore_a,
          lemuel_fruit_fields

Skill      XL: |  1  2  3  4  5  6  7  8  9 10 11 12 |
---------------+-------------------------------------+-----
Axes           | 3 4 5 6 7 |  7.2
Fighting       | 4 5 6 7 8 9 |  9.5
Armour         | 4 5 6 7 8 10 11 | 11.1
Shields        | 4 5 6 8 9 10 | 10.2
Dodging        | 1 2 3 |  3.4
Maces & Flails | 3 6 8 10 11 12 | 12.1
Evocations     | |  0.1

Action                   |  1- 3 |  4- 6 |  7- 9 | 10-12 || total
-------------------------+-------+-------+-------+-------++-------
Melee: War axe           |    98 |   132 |     2 |       ||   232
       Flail             |       |       |   294 |   503 ||   797
       Morningstar       |       |       |    45 |       ||    45
Evoke: Wand              |       |       |       |     9 ||     9
  Use: Scroll            |     3 |     4 |     8 |    10 ||    25
       Potion            |       |     3 |     3 |     4 ||    10
 Stab: Invisible         |       |       |       |     2 ||     2
       Distracted        |       |       |       |     1 ||     1
Armor: Scale mail        |    51 |    41 |   175 |       ||   267
       Plate armour      |       |       |    24 |   301 ||   325
       Skin              |       |       |    17 |       ||    17
Dodge: Dodged            |    50 |    48 |   164 |   141 ||   403
Block: Buckler           |    29 |    33 |    11 |       ||    73
       Kite shield       |       |       |   208 |   308 ||   516
